 Dungeon Crawl Stone Soup version 0.22.1-2-g9c5b331383 (webtiles) character file.

84 Revguard the Slasher (level 4, -1/33 HPs)
             Began as a Demonspawn Gladiator on Nov 26, 2018.
             Slain by an adder (3 damage)
             ... on level 3 of the Dungeon.
             The game lasted 00:04:38 (2398 turns).

Revguard the Slasher (Demonspawn Gladiator)         Turns: 2398, Time: 00:04:39

Health: -1/33      AC:  3    Str: 20    XL:     4   Next: 24%
Magic:  4/4        EV: 19    Int: 10    God:
Gold:   103        SH:  0    Dex: 19    Spells: 3/3 levels left

rFire    . . .     SeeInvis .   a - +0 long sword
rCold    . . .     Gourm    .   (no shield)
rNeg     . . .     Faith    .   b - +0 leather armour
rPois    .         Spirit   .   (helmet restricted)
rElec    .         Reflect  .   (no cloak)
rCorr    .         Harm     .   (no gloves)
MR       +....                  (no boots)
Stlth    +++.......             (no amulet)
HPRegen  0.11/turn              j - ring of protection from magic
MPRegen  0.09/turn              f - ring of stealth

@: mighty, agile
A: antennae 2, powered by death 1
a: no special abilities


You were on level 3 of the Dungeon.
You were not hungry.

You visited 1 branch of the dungeon, and saw 3 of its levels.

You collected 103 gold pieces.

Inventory:

Hand Weapons
 a - a +0 long sword (weapon)
Missiles
 d - 3 throwing nets (quivered)
Armour
 b - a +0 leather armour (worn)
 c - a +0 helmet
Jewellery
 f - a ring of stealth (right hand)
 j - a ring of protection from magic (left hand)
 p - an uncursed ring of magical power
Wands
 n - a wand of random effects (30)
Scrolls
 e - 4 scrolls of identify {unknown}
 g - 2 scrolls of remove curse {unknown}
 h - a scroll of teleportation {unknown}
 i - a scroll of noise {unknown}
 l - a scroll of amnesia {unknown}


   Skills:
 + Level 2.2 Fighting
 + Level 3.5 Long Blades
 - Level 1.7 Throwing
 * Level 1.8 Armour
 + Level 3.2 Dodging


You had 3 spell levels left.
You didn't know any spells.
Your spell library was empty.

Dungeon Overview and Level Annotations

Branches:
Dungeon (3/15)

Altars:
Fedhas


Innate Abilities, Weirdness & Mutations

You have a pair of antennae on your head.
You regenerate a little health from kills.


Message History

You feel agile all of a sudden. The adder closely misses you.
It was a potion of might.
You feel very mighty all of a sudden. The adder misses you.
You riposte.
You barely miss the adder.
The adder is heavily wounded.
The goblin shoots a stone.
The stone barely misses you.
The stone barely misses the adder.
The stone hits the bat.
You barely miss the adder.
The adder is heavily wounded.
The adder bites you.
* * * LOW HITPOINT WARNING * * *
The orc wizard casts a spell.
The orc wizard blinks!
The goblin shoots a stone.
The stone completely misses you.
The stone hits the adder.
The adder completely misses you.
You miss the adder.
The adder is severely wounded.
The adder bites you.
You die...

.. ##....... #. #.
#........
...#.###........
#.#..#.#..o)......
#.#..#...#or#.....
####.#..##o.#sg{.....
.........r[.#b##.####
............#S# #
#.......#..#@#
.#.....###.# ##..###
#.# ##..## #g# #...#
#.# #..##{#.. ##...#
#.. #o..<# #..
##.#..#


You could see an orc priest, an orc wizard, an adder, a giant cockroach, 2
goblins, a bat and a rat.

Vanquished Creatures
  3 adders (D:2)
  2 worms (D:2)
  A dart slug (D:1)
  2 ball pythons
  3 giant cockroaches
  5 goblins
  7 hobgoblins
  3 jackals (D:2)
  5 kobolds
  3 bats
  11 frilled lizards
  7 rats
52 creatures vanquished.

Notes
Turn   | Place    | Note
-------+----------+-------------------------------------------
     0 | D:1      | Revguard the Demonspawn Gladiator began the quest for the
                  | Orb.
     0 | D:1      | Reached XP level 1. HP: 16/16 MP: 1/1
   452 | D:1      | Gained mutation: You have a pair of small antennae on your
                  | head. [demonic ancestry]
   452 | D:1      | Reached XP level 2. HP: 21/22 MP: 2/2
   802 | D:1      | Reached skill level 1 in Armour
   870 | D:1      | Gained mutation: You regenerate a little health from kills.
                  | [demonic ancestry]
   870 | D:1      | Reached XP level 3. HP: 27/27 MP: 3/3
  1712 | D:2      | Found a blossoming altar of Fedhas.
  2218 | D:2      | Gained mutation: You have a pair of antennae on your head.
                  | [demonic ancestry]
  2218 | D:2      | Reached XP level 4. HP: 32/33 MP: 4/4
  2398 | D:3      | Slain by an adder

Skill      XL: |  1  2 |
---------------+-------+-----
Long Blades    | 3 |  3.5
Dodging        | 3 |  3.2
Armour         | 1 |  1.8
Fighting       | |  2.2
Throwing       | |  1.7

Action                   |  1- 3 |  4- 6 || total
-------------------------+-------+-------++-------
Melee: Long sword        |   112 |    21 ||   133
  Use: Potion            |     1 |     2 ||     3
  Eat: Ration            |     1 |       ||     1
       Chunk             |       |     1 ||     1
Armor: Leather armour    |    26 |    14 ||    40
Dodge: Dodged            |    90 |    33 ||   123
       Rpst.: Long sword |    28 |     8 ||    36
